 Dungeon Crawl Stone Soup version 0.30.0-15-g856e2d3f33 (webtiles) character file.

Game seed: 10124953076992376152

1526 Twinkles the Cleaver (level 9, -11/78 HPs)
             Began as a Meteoran Fighter on May 19, 2023.
             Was a Priest of Okawaru.
             Collided with a rock wall (16 damage)
             ... caused by a wretched star
             ... on level 1 of the Abyss on May 20, 2023.
             The game lasted 00:25:40 (2879 turns).

Twinkles the Cleaver (Meteoran Fighter)             Turns: 2879, Time: 00:25:40

Health: -11/78     AC: 13    Str: 17    XL:     9   Next: 31%
Magic:  0/10       EV: 10    Int: 13    God:    Okawaru [***...]
Gold:   324        SH:  0    Dex: 14    Spells: 8/8 levels left

rFire   . . .        p - +11 quarterstaff "Goblin's Death" {venom, Int+2}
rCold   . . .        (shield currently unavailable)
rNeg    . . .        f - +0 chain mail
rPois   .            (no helmet)
rElec   .            j - +0 cloak
rCorr   .            (no gloves)
SInv    .            (no boots)
Will    +....        g - amulet of guardian spirit Stlth
                     (no ring)
HPRegen 0.33/turn    (no ring)
MPRegen 0.12/turn

%: guardian spirit
@: heroic, glowing, unable to drink
A: sense surroundings 2, otherworldly, glowing, explore regen, [low MP 2], [weak
2], [inability to drink after injury 2]
a: Renounce Religion, Heroism


You were on level 1 of the Abyss.
You worshipped Okawaru.
Okawaru was most pleased with you.
You visited 1 branch of the dungeon, and saw 6 of its levels.
You visited the Abyss 1 time.
You also visited: Sewer.

You collected 324 gold pieces.

Inventory:

Hand Weapons
 a - a +0 war axe
 e - a +0 dagger of venom
 p - the +11 quarterstaff "Goblin's Death" (weapon) {venom, Int+2}
   (You found it on level 5 of the Dungeon)

   Int:       It affects your intelligence (+2).
 r - the +6 dagger of the Feather {flame, rElec Str+3 Int+2}
   (You found it on level 3 of the Dungeon)

   Str:       It affects your strength (+3).
   Int:       It affects your intelligence (+2).
   rElec:     It insulates you from electricity.
Missiles
 l - 22 poisoned darts (quivered)
Armour
 b - a +0 scale mail
 c - a +0 buckler
 f - a +0 chain mail (worn)
 j - a +0 cloak (worn)
Jewellery
 g - an amulet of guardian spirit (around neck)
Wands
 q - a wand of flame (11)
Scrolls
 d - 3 scrolls of blinking {unknown}
 h - a scroll of fear {unknown}
 i - a scroll of amnesia {unknown}
 k - 4 scrolls of identify {unknown}
 m - a scroll of poison {unknown}
 o - a scroll of fog {unknown}
 s - a scroll of noise {unknown}
 Y - 3 scrolls of teleportation
Potions
 n - a potion of magic {unknown}
 A - a potion of attraction
 J - 2 potions of curing
 L - 5 potions of flight
 M - 2 potions of might


   Skills:
 + Level 6.5(11.5) Fighting
 * Level 9.0(14.0) Axes
 + Level 7.0(12.0) Armour
 - Level 3.6(8.6) Shields
 + Level 4.2 Invocations


You had 8 spell levels left.
You didn't know any spells.
Your spell library contained the following spells:

 Spells                   Type           Power      Damage    Failure   Level
 Sandblast                Erth           0%         2d4       89%         1
 Ensorcelled Hibernation  Hex/Ice        0%         N/A       96%         2
 Passwall                 Tmut/Erth      0%         N/A       96%         2
 Stone Arrow              Conj/Erth      0%         3d7       99%         3
 Swiftness                Air            0%         N/A       99%         3


Dungeon Overview and Level Annotations

Branches:
Dungeon (6/15) Zot: 988    Temple (0/1) D:5           Sewer (visited)

Altars:
Elyvilon
Gozag
Hepliaklqana
Makhleb
Okawaru
Ru
Vehumet
Xom

Annotations:
D:4 4 exclusions
D:6 Maggie


Innate Abilities, Weirdness & Mutations

You passively map the area around you.
You are easily found by Zot.
You glow in the dark.
You regain HP and MP as you explore.
[Your magical capacity is very low. (-20% MP)]
[You are very weak. (Str -4)]
[You sometimes lose the ability to drink potions when taking damage.]


Message History

Something smites you!
You sock the smoke demon!
The smoke demon looks as sick as possible!
The smoke demon is almost dead.
You kill the smoke demon!
Okawaru is honoured by your kill.
A wretched star comes into view.
Your life force feels restored.
Your Axes skill increases to level 9!
Your Armour skill increases to level 7!
Your Invocations skill increases to level 4!
You gain the combat prowess of a mighty hero.
The wretched star glows turbulently.
The lance of force hits you!
You are knocked back by the lance of force.
The wretched star pulses with an eldritch light!
You occasionally lose the ability to drink potions when taking damage.
You lose the ability to drink potions when taking damage more often.
You feel weaker. x2
You barely miss the wretched star.
The wretched star pulses with an eldritch light!
You feel less energetic. x2
You hit the wretched star.
The wretched star is lightly damaged.
The wretched star glows turbulently.
The lance of force hits you!
You feel threatened and lose the ability to drink potions!
You are knocked back by the lance of force.
You slam into the rock wall!
The wretched star glows turbulently.
The lance of force hits you!
You are knocked back by the lance of force.
You slam into the rock wall!
The wretched star glows turbulently.
The lance of force misses you.
The wretched star glows turbulently.
The lance of force hits you!!
* * * LOW HITPOINT WARNING * * *
You are knocked back by the lance of force.
You slam into the rock wall!
You die...

#### #..##
## #..#
..#.###.@###
..#.......#
#..#...#.#
#..*####.#
#...#..#.#.#
###.#. ...#
∆∆
#..#..#.## ∆
∆ ###..# .#
#.##*.# #


You could see a wretched star.

Vanquished Creatures
  A smoke demon (Abyss:1)
  An ice beast (D:6)
  A black bear (D:4)
  An ogre (D:4)
  2 phantoms (D:5)
  4 wights (D:6)
  3 orc priests
  A sleepcap (D:5)
  A hound (D:6)
  Ijyb (D:4)
  Natasha (thrice) (D:2)
  2 iguanas
  A sickly merfolk siren (Sewer)
  A malarious merfolk avatar (Sewer)
  A gnoll (D:5)
  8 adders
  A river rat (Sewer)
  An ufetubus (D:6)
  A worm (D:4)
  4 dart slugs
  23 orcs
  9 ball pythons
  3 endoplasms
  10 giant cockroaches
  11 goblins
  10 hobgoblins
  2 jackals (D:3)
  9 kobolds
  4 quokkas
  9 bats
  6 frilled lizards
  31 rats
166 creatures vanquished.

Notes
Turn   | Place    | Note
-------+----------+-------------------------------------------
     0 | D:1      | Twinkles the Meteoran Fighter began the quest for the Orb.
     0 | D:1      | Reached XP level 1. HP: 19/19 MP: 2/2
    67 | D:1      | Reached XP level 2. HP: 22/26 MP: 3/3
   192 | D:1      | Reached skill level 3 in Axes
   294 | D:1      | Found a faded altar of an unknown god.
   300 | D:1      | Reached XP level 3. HP: 31/31 MP: 4/4
   383 | D:1      | Prayed at the altar of an unknown god.
   383 | D:1      | Became a worshipper of Warmaster Okawaru
   383 | D:1      | Reached * piety under Okawaru
   546 | D:2      | Noticed Natasha
   557 | D:2      | HP: 11/33 [Natasha (4)]
   558 | D:2      | Killed Natasha
   559 | D:2      | Reached XP level 4. HP: 14/40 MP: 5/5
   580 | D:2      | Reached skill level 4 in Axes
   713 | D:2      | Noticed Natasha
   720 | D:2      | Killed Natasha
   721 | D:2      | Reached XP level 5. HP: 34/46 MP: 3/6
   725 | D:2      | Noticed Natasha
   740 | D:2      | Killed Natasha
  1113 | D:2      | Reached ** piety under Okawaru
  1237 | D:5      | Entered Level 5 of the Dungeon
  1255 | D:5      | Reached skill level 5 in Axes
  1255 | D:5      | Reached XP level 6. HP: 50/53 MP: 7/7
  1385 | D:4      | Noticed a black bear
  1394 | D:4      | Killed a black bear
  1395 | D:4      | Reached skill level 5 in Armour
  1395 | D:4      | Reached XP level 7. HP: 38/60 MP: 4/8
  1424 | D:4      | Reached skill level 6 in Axes
  1426 | D:4      | Reached skill level 5 in Fighting
  1473 | D:4      | Found a white marble altar of Elyvilon.
  1512 | D:4      | Found a glowing drain.
  1521 | D:4      | Noticed Ijyb
  1543 | D:4      | Killed Ijyb
  1543 | D:4      | HP: 16/61 [poisoned by Ijyb]
  1546 | D:4      | HP: 5/61 [poisoned by Ijyb]
  1579 | Sewer    | Entered a sewer
  1939 | D:4      | Found a radiant altar of Vehumet.
  1955 | D:4      | Identified the +1 ring mail of Nemelex Xobeh's Envy {Dex+3}
  2021 | D:3      | Found a sacrificial altar of Ru.
  2088 | D:3      | Identified the +6 dagger of the Feather {flame, rElec Str+3
                  | Int+2}
  2184 | D:3      | Reached skill level 1 in Invocations
  2267 | D:3      | Reached XP level 8. HP: 68/68 MP: 9/9
  2329 | D:5      | Reached skill level 7 in Axes
  2349 | D:5      | Found a hazy altar of Hepliaklqana.
  2385 | D:5      | HP: 15/69 [orc priest/divine providence (14)]
  2391 | D:5      | HP: 9/69 [orc priest/+0 flail (7)]
  2435 | D:5      | Found a staircase to the Ecumenical Temple.
  2499 | D:5      | Identified the +11 quarterstaff "Goblin's Death" {venom,
                  | Int+2}
  2565 | D:5      | Found a burning altar of Makhleb.
  2739 | D:6      | Found an opulent altar of Gozag.
  2739 | D:6      | Found a shimmering altar of Xom.
  2765 | D:6      | Reached skill level 8 in Axes
  2789 | D:6      | Reached *** piety under Okawaru
  2790 | D:6      | Gained mutation: You passively map the area around you.
                  | [Meteoran growth]
  2790 | D:6      | Reached XP level 9. HP: 45/74 MP: 8/12
  2804 | D:6      | Noticed Maggie
  2804 | Abyss:1  | Cast into level 1 of the Abyss (Maggie)
  2854 | Abyss:1  | Noticed a smoke demon
  2867 | Abyss:1  | Killed a smoke demon
  2867 | Abyss:1  | Noticed a wretched star
  2868 | Abyss:1  | Reached skill level 9 in Axes
  2877 | Abyss:1  | HP: 24/78 [rock wall collision (12)]
  2879 | Abyss:1  | HP: 5/78 [wretched star/lance of force (20)]
  2879 | Abyss:1  | Collided with a rock wall

Illustrated notes

Levels and vault maps discovered:
D:1:      dpeg_arrival_pits, layout_basic, basic_ecumenical_altar,
          serial_bayou_pond_c
D:2:      layout_loops_corners, uniq_natasha
D:3:      minmay_razor_zed, layout_rooms, nicolae_ru_great_annihilating_truth,
          mainiacjoe_overflow_brackets, guppyfry_early_orc_mine
D:4:      layout_basic, vehumet_crystals, lemuel_tele_altar,
          gup_sewer_entry_glass, uniq_ijyb, uniq_edmund
D:5:      layout_rooms, mainiacjoe_overflow_alcove_4, kennysheep_mini,
          temple_green
D:6:      layout_loops_corners, kennysheep_orc_sif_temple, slow_altar_1,
          lemuel_crystal_altar, amethyst_overflow_temple_binary,
          dk_yredelemnul_ordeal, dreamdust_mushroom_princess, minmay_checkerbox,
          uniq_maggie
Abyss:1:  base: D:5, lemuel_firewalk_3, lemuel_firewalk_3

Skill      XL: |  1  2  3  4  5  6  7  8  9 |
---------------+----------------------------+-----
Axes           | 3 4 5 6 8 9 |  9.0
Armour         | 4 5 6 7 |  7.0
Fighting       | 4 5 6 |  6.5
Invocations    | 1 3 4 |  4.2
Shields        | |  3.6

Action                     |  1- 3 |  4- 6 |  7- 9 || total
---------------------------+-------+-------+-------++-------
  Melee: War axe           |    74 |   128 |   325 ||   527
         Quarterstaff      |       |       |     7 ||     7
  Throw: Dart              |       |       |     3 ||     3
 Invoke: Heroism           |       |       |     5 ||     5
  Evoke: Wand              |       |       |     3 ||     3
    Use: Potion            |       |       |     4 ||     4
   Stab: Paralysed         |       |       |     1 ||     1
 Armour: Scale mail        |    30 |    67 |    12 ||   109
         Chain mail        |       |       |   151 ||   151
  Dodge: Dodged            |    29 |    45 |    83 ||   157
  Block: Buckler           |    11 |    46 |    74 ||   131
